 Dungeon Crawl Stone Soup version 0.23.2-33-g5129a83184 (webtiles) character file.

Game seed: 10758691549621005804

734 raph the Magician (level 7, -2/36 HPs)
             Began as a Deep Elf Wizard on June 30, 2019.
             Was a Follower of Kikubaaqudgha.
             Slain by a phantom (7 damage)
             ... on level 5 of the Dungeon.
             The game lasted 00:12:34 (4895 turns).

raph the Magician (Deep Elf Wizard)                 Turns: 4895, Time: 00:12:36

Health: -2/36      AC:  5    Str:  5    XL:     7   Next: 45%
Magic:  16/29      EV: 12    Int: 24    God:    Kikubaaqudgha [*.....]
Gold:   250        SH:  0    Dex: 13    Spells: 3/21 levels left

rFire    . . .     SeeInvis +   a - +3 dagger (elec)
rCold    . . .     Gourm    .   (no shield)
rNeg     . . .     Faith    .   r - +0 leather armour
rPois    .         Spirit   .   s - +1 hat
rElec    .         Reflect  .   (no cloak)
rCorr    .         Harm     .   l - +0 pair of gloves (curse)
MR       .....                  (no boots)
Stlth    ++........             q - amulet of rage
HPRegen  0.12/turn              n - ring of see invisible
MPRegen  0.21/turn              k - ring of magical power

@: no status effects
A: no striking features
a: Receive Corpses, Renounce Religion, Evoke Berserk Rage


You were on level 5 of the Dungeon.
You worshipped Kikubaaqudgha.
Kikubaaqudgha was aware of your devotion.
You were not hungry.

You visited 1 branch of the dungeon, and saw 5 of its levels.

You collected 250 gold pieces.

Inventory:

Hand Weapons
 a - a +3 dagger of electrocution (weapon)
 e - a +0 dagger
 p - a +2 short sword of draining
Armour
 b - a +0 hat
 l - a cursed +0 pair of gloves (worn)
 r - a +0 leather armour (worn)
 s - a +1 hat (worn)
Jewellery
 k - a ring of magical power (right hand)
 n - a ring of see invisible (left hand)
 q - an amulet of rage (around neck)
Wands
 u - a wand of flame (11)
Scrolls
 c - 3 scrolls of enchant weapon
 f - 2 scrolls of immolation
 i - 2 scrolls of fear
 m - a scroll of identify
 y - 3 scrolls of remove curse
Potions
 g - a potion of berserk rage
 h - a potion of invisibility
 j - a potion of agility
 v - a potion of flight {unknown}
 x - a potion of cancellation {unknown}
Comestibles
 d - 7 rations
 o - 7 chunks of flesh


   Skills:
 - Level 2.4 Dodging
 - Level 2.4 Stealth
 + Level 7.6 Spellcasting
 + Level 6.6 Conjurations
 - Level 1.1 Summonings
 + Level 3.3 Necromancy
 - Level 1.1 Translocations


You had 3 spell levels left.
You knew the following spells:

 Your Spells              Type           Power        Failure   Level  Hunger
a - Magic Dart            Conj           ####         1%          1    None
b - Blink                 Tloc           N/A          11%         2    None
c - Call Imp              Summ           ##......     11%         2    None
d - Conjure Flame         Conj/Fire      ####....     9%          3    None
e - Mephitic Cloud        Conj/Pois/Air  ###.....     14%         3    None
f - Animate Skeleton      Necr           N/A          2%          1    None
g - Pain                  Necr           ####         2%          1    None
h - Sublimation of Blood  Necr           ####......   4%          2    None
i - Vampiric Draining     Necr           ####......   9%          3    None

Your spell library contained the following spells:

 Spells                   Type           Power        Failure   Level  Hunger
 Slow                     Hex            #.......     17%         2    None


Dungeon Overview and Level Annotations

Branches:
Dungeon (5/15)
 Temple: D:4-7

Altars:
Hepliaklqana
Kikubaaqudgha
Makhleb
Qazlal
Xom


Message History

You can't see any susceptible monsters within range! (Use Z to cast anyway.)
Casting: Call Imp (safe; 11% risk of failure)
Confirm with . or Enter, or press ? or * to list all spells.
You attempt to give life to the dead...
Before your eyes, flesh is ripped from the corpse!
The dead are walking!
Your crimson imp hits the phantom but does no damage.
Your orc skeleton barely misses the phantom.
The phantom hits you!
* * * LOW HITPOINT WARNING * * *
Your crimson imp closely misses the phantom.
Things that are here:
a +0 dagger; a +0 robe; 2 chunks of flesh You hit the phantom.
The phantom is moderately damaged.
Your crimson imp barely misses the phantom.
Your orc skeleton closely misses the phantom.
The phantom hits you!
You die...
Kikubaaqudgha rasps: "You have failed me!
Welcome... death!"

#.#....# ####......#
.#.......#########
.#.###.......##..
........>#.#.##.# #
...##........##.####.#
.........#.....5Z5...#
.#.####..###.#).W....#
.............#..@....#
..#####.######.#.....#
..# #.# #.#..Z.....
.## #.# #.#.....##. ##
.. #.....#.# #
#####..... # .#.#.# #
...... #


You could see a phantom, 2 friendly crimson imps and 2 friendly orc skeletons.

Vanquished Creatures
  A phantom (D:4)
  A sky beast (D:5)
  A howler monkey (D:4)
  A crimson imp (D:5)
  A hound (D:4)
  2 orc priests
  A jelly (D:5)
  A centaur skeleton (D:3)
  2 orc wizards
  5 worker ants
  5 adders
  An ooze (D:1)
  2 worms
  2 dart slugs
  4 leopard geckos
  18 orcs
  2 giant cockroaches
  5 hobgoblins
  8 jackals
  A quokka (D:2)
  A ball python (D:2)
  A ball python skeleton (D:4)
  4 bats
  6 frilled lizards
  7 goblins
  4 kobolds
  A quokka skeleton (D:5)
  12 rats
100 creatures vanquished.

Vanquished Creatures (collateral kills)
  2 adders
  2 orcs (D:3)
4 creatures vanquished.

Grand Total: 104 creatures vanquished

Notes
Turn   | Place    | Note
-------+----------+-------------------------------------------
     0 | D:1      | raph the Deep Elf Wizard began the quest for the Orb.
     0 | D:1      | Reached XP level 1. HP: 10/10 MP: 7/7
   274 | D:1      | Reached XP level 2. HP: 15/15 MP: 3/9
   330 | D:1      | Learned a level 2 spell: Blink
   333 | D:1      | Learned a level 2 spell: Call Imp
  1303 | D:2      | Reached XP level 3. HP: 19/19 MP: 6/11
  1404 | D:2      | Found a burning altar of Makhleb.
  1470 | D:2      | Reached skill level 5 in Spellcasting
  1512 | D:2      | Learned a level 3 spell: Conjure Flame
  1516 | D:2      | Learned a level 3 spell: Mephitic Cloud
  1565 | D:2      | Found a stormy altar of Qazlal.
  2175 | D:3      | Reached XP level 4. HP: 16/24 MP: 3/13
  2500 | D:3      | Reached XP level 5. HP: 27/28 MP: 4/15
  3105 | D:4      | Reached skill level 6 in Spellcasting
  3121 | D:4      | Reached skill level 5 in Conjurations
  3513 | D:4      | Reached XP level 6. HP: 32/32 MP: 15/17
  3831 | D:4      | Found an ancient bone altar of Kikubaaqudgha.
  3838 | D:4      | Became a worshipper of Kikubaaqudgha
  4052 | D:4      | Found a shimmering altar of Xom.
  4053 | D:4      | Found a hazy altar of Hepliaklqana.
  4053 | D:4      | Noticed an insubstantial wisp
  4054 | D:4      | Noticed an insubstantial wisp
  4054 | D:4      | Noticed a spectral ugly thing
  4081 | D:4      | Reached skill level 1 in Necromancy
  4112 | D:4      | Reached skill level 7 in Spellcasting
  4505 | D:5      | Entered Level 5 of the Dungeon
  4541 | D:5      | Reached XP level 7. HP: 34/36 MP: 19/19
  4853 | D:5      | Reached * piety under Kikubaaqudgha
  4853 | D:5      | Identified Kikubaaqudgha's Grimoire of Necromancy
                  | (Kikubaaqudgha gifted it to you on level 5 of the Dungeon)
  4853 | D:5      | Received a gift from Kikubaaqudgha
  4857 | D:5      | Learned a level 1 spell: Animate Skeleton
  4859 | D:5      | Learned a level 1 spell: Pain
  4862 | D:5      | Learned a level 2 spell: Sublimation of Blood
  4866 | D:5      | Learned a level 3 spell: Vampiric Draining
  4895 | D:5      | Slain by a phantom

Skill      XL: |  1  2  3  4  5  6  7 |
---------------+----------------------+-----
Conjurations   | 2 3 4 5 6 |  6.6
Spellcasting   | 5 6 7 |  7.6
Necromancy     | 2 3 |  3.3
Dodging        | |  2.4
Stealth        | |  2.4
Summonings     | |  1.1
Translocations | |  1.1

Action                   |  1- 3 |  4- 6 |  7- 9 || total
-------------------------+-------+-------+-------++-------
Melee: Dagger            |    10 |    49 |    22 ||    81
 Cast: Magic Dart        |    77 |    90 |    35 ||   202
       Call Imp          |     2 |     4 |     2 ||     8
       Conjure Flame     |       |     3 |       ||     3
       Mephitic Cloud    |       |     6 |     1 ||     7
       Pain              |       |       |     5 ||     5
       Animate Skeleton  |       |       |     2 ||     2
       Vampiric Draining |       |       |     1 ||     1
  Use: Scroll            |       |    12 |       ||    12
       Potion            |       |     3 |       ||     3
 Stab: Sleeping          |     1 |       |       ||     1
       Confused          |       |     1 |       ||     1
  Eat: Chunk             |     4 |     7 |     1 ||    12
Armor: Robe              |     1 |       |       ||     1
       Leather armour    |     2 |     3 |    10 ||    15
Dodge: Dodged            |    15 |    28 |    16 ||    59
